 Dungeon Crawl Stone Soup version 0.29-a0-284-gf9362112df (webtiles) character file.

Game seed: 9016159723681072268

850 Vomitron the Conjurer (level 8, -7/40 (46) HPs)
             Began as an Octopode Conjurer on Mar 16, 2022.
             Was an Initiate of Vehumet.
             Mangled by Edmund
             ... wielding a +1 flail of draining
              (10 damage)
             ... on level 6 of the Dungeon on Mar 17, 2022.
             The game lasted 00:14:12 (6369 turns).

Vomitron the Conjurer (Octopode Conjurer)           Turns: 6369, Time: 00:14:12

HP:   -7/40 (46)    AC:  1    Str:  6    XL:     8   Next: 1%
MP:   3/14          EV: 13    Int: 23    God:    Vehumet [......]
Gold: 241           SH:  0    Dex: 10    Spells: 9/16 levels left

rFire   . . .      SeeInvis .   r - +4 dagger
rCold   . . .      Faith    .   (no shield)
rNeg    . . .      Spirit   .   (helmet restricted)
rPois   .          Reflect  .   (no amulet)
rElec   .          Harm     .   (no ring)
rCorr   .          Rampage  .   (no ring)
Will    .....                   (no ring)
Stlth   ++++......              (no ring)
HPRegen 0.13/turn               (no ring)
MPRegen 0.14/turn               (no ring)
                                (no ring)
                                (no ring)

@: heavily drained
A: almost no armour, amphibious, 8 rings, camouflage 1, gelatinous body 1,
(nimble swimmer 1), tentacles
a: Renounce Religion


You were on level 6 of the Dungeon.
You worshipped Vehumet.
Vehumet was noncommittal.
You visited 2 branches of the dungeon, and saw 7 of its levels.

You collected 241 gold pieces.

Inventory:

Hand Weapons
 b - a +0 dagger
 m - a +4 quarterstaff of chaos
 r - a +4 dagger (weapon)
Magical Staves
 f - a staff of poison
Jewellery
 e - an amulet of guardian spirit
Scrolls
 c - a scroll of torment {unknown}
 l - a scroll of fear
 n - a scroll of blinking {unknown}
 q - a scroll of immolation
 s - a scroll of enchant weapon {unknown}
 t - 2 scrolls of summoning
Potions
 a - a potion of magic
 d - a potion of haste {unknown}
 g - 5 potions of curing
 h - a potion of invisibility
 i - a potion of might {unknown}
 j - 2 potions of heal wounds
 k - a potion of attraction {unknown}
 o - a potion of mutation {unknown}
 p - a potion of cancellation {unknown}


   Skills:
 - Level 2.2 Dodging
 + Level 6.2 Stealth
 * Level 4.5 Spellcasting
 * Level 6.9 Conjurations
 + Level 2.2 Translocations


You had 9 spell levels left.
You knew the following spells:

 Your Spells              Type           Power      Damage    Failure   Level
a - Magic Dart            Conj           100%       1d8       1%          1
b - Searing Ray           Conj           74%        2d7       1%          2
c - Iskenderun's Mystic   Conj/Tloc      26%        2d7       16%         4

Your spell library contained the following spells:

 Spells                   Type           Power      Damage    Failure   Level
 Dazzling Flash           Conj/Hex       42%        N/A       7%          3
 Fulminant Prism          Conj/Hex       10%        3d9       24%         4
 Dispel Undead            Necr           5%         3d7       69%         4
 Agony                    Necr           5%         N/A       95%         5
 Statue Form              Tmut/Erth      3%         N/A       100%        6
 Animate Armour           Summ/Erth      Unusable   N/A       N/A         4

Dungeon Overview and Level Annotations

Branches:
Dungeon (6/15)             Temple (1/1) D:4

Altars:
Ashenzari
Cheibriados
Dithmenos
Elyvilon
Fedhas
Gozag
Hepliaklqana
Kikubaaqudgha
Makhleb
Nemelex Xobeh
Okawaru
Qazlal
Ru
Sif Muna
Trog
Uskayaw
Vehumet
Xom
Yredelemnul
Zin
The Shining One

Annotations:
D:6 Edmund


Innate Abilities, Weirdness & Mutations

You cannot wear most types of armour.
You are amphibious.
You can wear up to eight rings at the same time.
Your skin changes colour to match your surroundings (Stealth+).
Your rubbery body absorbs attacks. (AC +1, EV +1)
((You are camouflaged when in or above water. (Stealth+)))
You have tentacles for arms and can constrict up to eight enemies at once.


Message History

Edmund is heavily wounded. (Press . to maintain the ray.) Unknown command.
Unknown command.
The searing ray hits Edmund but does no damage.
Edmund is heavily wounded.
Edmund closely misses you.
The searing ray hits Edmund but does no damage.
Edmund is heavily wounded.
Edmund misses you. Edmund attacks as you move away!
Edmund hits you with a +1 flail of draining!
You feel drained. Edmund attacks as you move away!
Edmund completely misses you. Edmund attacks as you move away!
Edmund hits you with a +1 flail of draining!
You feel drained. Edmund attacks as you move away!
Edmund hits you with a +1 flail of draining!
You feel drained.
There is a stone staircase leading down here.
Edmund attacks as you move away!
Edmund hits you with a +1 flail of draining.
You feel drained. Edmund attacks as you move away!
Edmund hits you with a +1 flail of draining.
* * * LOW HITPOINT WARNING * * *
You feel drained. Edmund attacks as you move away!
Edmund hits you with a +1 flail of draining.
* * * LOW HITPOINT WARNING * * *
You feel drained.
* * * LOW HITPOINT WARNING * * *
Press: ? - help, v - describe, . - travel
Here: Edmund, wielding a +1 flail of draining and wearing a +0 chain mail (heavily wounded)
The floor.
Edmund says, "People think my brother is the best.
I think he's crazy."
Edmund attacks as you move away!
Edmund hits you with a +1 flail of draining!
You die...

# # .#. #^# #.# ..
#.# #.# #.# #.#
####.# #.# #....#
#.# #@#..# ##.##
#@#..#
###...########.#..#
#.......>......#..#
#.#...##########..#
. #.##.## #...# .
#.##.# #..## .
#.##.# #..####### .
#.##.# #.........


You could see Edmund.

Vanquished Creatures
  A sky beast (D:5)
  An ice beast (D:5)
  2 phantoms (D:5)
  2 scorpions (D:5)
  Crazy Yiuf (D:2)
  2 orc priests (D:5)
  2 iguanas (D:5)
  Natasha (D:2)
  3 orc wizards (D:5)
  4 gnolls (D:4)
  4 adders
  An ufetubus (D:4)
  2 dart slugs
  6 orcs
  5 bats
  3 endoplasms (D:1)
  5 giant cockroaches
  5 goblins
  6 jackals
  4 kobolds
  3 quokkas
  7 ball pythons
  3 frilled lizards
  4 rats
77 creatures vanquished.

Vanquished Creatures (others)
  A fungus (D:2)
1 creature vanquished.

Grand Total: 78 creatures vanquished

Notes
Turn   | Place    | Note
-------+----------+-------------------------------------------
     0 | D:1      | Vomitron the Octopode Conjurer began the quest for the Orb.
     0 | D:1      | Reached XP level 1. HP: 11/11 MP: 3/3
   274 | D:1      | Reached XP level 2. HP: 17/17 MP: 3/5
   301 | D:1      | Learned a level 2 spell: Searing Ray
   366 | D:1      | Got the Grimoire of Sinister Magic and the Mountains
   445 | D:1      | Found a faded altar of an unknown god.
  1054 | D:2      | Reached XP level 3. HP: 21/21 MP: 3/6
  1448 | D:2      | Noticed Natasha
  1451 | D:2      | Killed Natasha
  1638 | D:2      | Reached XP level 4. HP: 27/27 MP: 5/7
  2053 | D:2      | Found a runed translucent door.
  2054 | D:2      | Noticed Crazy Yiuf
  2061 | D:2      | Killed Crazy Yiuf
  2194 | D:3      | Reached skill level 5 in Conjurations
  2531 | D:3      | Reached XP level 5. HP: 31/31 MP: 5/9
  3047 | D:4      | Found a staircase to the Ecumenical Temple.
  3056 | Temple   | Entered the Ecumenical Temple
  3175 | Temple   | Became a worshipper of Vehumet
  4113 | D:5      | Entered Level 5 of the Dungeon
  4418 | D:5      | Noticed a phantom
  4487 | D:5      | Noticed a phantom
  4494 | D:5      | Killed a phantom
  4495 | D:5      | Reached skill level 5 in Stealth
  4495 | D:5      | Reached XP level 6. HP: 36/36 MP: 2/11
  4600 | D:5      | Learned a level 4 spell: Iskenderun's Mystic Blast
  4853 | D:5      | Noticed a sky beast
  4868 | D:5      | Killed a sky beast
  4869 | D:5      | Reached skill level 1 in Translocations
  4869 | D:5      | Reached XP level 7. HP: 14/41 MP: 2/12
  6077 | D:5      | Reached XP level 8. HP: 20/46 MP: 6/14
  6334 | D:6      | Noticed Edmund
  6369 | D:6      | Mangled by Edmund

Illustrated notes

Levels and vault maps discovered:
D:1:      heliophobic_arrival_enchanted_forest, layout_basic,
          shapermc_ecumenical_altar_mp_ritualfount, grunt_decor_resistance
D:2:      layout_basic, uniq_crazy_yiuf_cottage, uniq_natasha
D:3:      layout_basic
D:4:      nicolae_cairo_tiling_very_big, layout_basic
D:5:      layout_basic
D:6:      layout_loops_ring, nzn_wu_jian_contemplation,
          gammafunk_ghost_nasty_kobolds, uniq_edmund
Temple:   kilobyte_greek_temple

Skill      XL: |  1  2  3  4  5  6  7 |
---------------+----------------------+-----
Stealth        | 3 4 5 6 |  6.2
Conjurations   | 5 6 |  6.9
Spellcasting   | 3 4 |  4.5
Translocations | 1 2 |  2.2
Dodging        | |  2.2

Action                   |  1- 3 |  4- 6 |  7- 9 || total
-------------------------+-------+-------+-------++-------
Melee: Unarmed           |     4 |       |       ||     4
       Constrict         |     3 |     1 |       ||     4
       Dagger            |     8 |       |     1 ||     9
       Tentacles         |     3 |     3 |       ||     6
       Staff             |     1 |     9 |       ||    10
 Cast: Magic Dart        |    41 |    60 |    30 ||   131
       Searing Ray       |     1 |    14 |    11 ||    26
       Iskenderun's Myst |       |       |     1 ||     1
  Use: Scroll            |       |     7 |     3 ||    10
 Stab: Sleeping          |     1 |     3 |       ||     4
Armor: Skin              |       |     3 |     1 ||     4
Dodge: Dodged            |     4 |    14 |    11 ||    29

Table legend: (Time is in decaauts)
 A = Elapsed time spent in this place.
 B = Non-inter-level travel time spent in this place.
 C = Inter-level travel time spent in this place.
 D = Time resting spent in this place.
 E = Time spent auto-exploring this place.
 F = Levels seen in this place.
 G = Mean time per level.
                   A        B        C        D        E       F      G
               +--------+--------+--------+--------+--------+-----+--------+
         Total |   6369 |   6159 |    210 |   1815 |   3560 |   7 |  909.9 |
       Dungeon |   6216 |   6032 |    184 |   1815 |   3453 |   6 | 1036.0 |
        Temple |    153 |    127 |     26 |      0 |    107 |   1 |  153.0 |
               +--------+--------+--------+--------+--------+-----+--------+

Top non-repeatable levels by time:
     D:5: 2156 daAuts
     D:4: 1202 daAuts
     D:2: 1113 daAuts
     D:1: 1023 daAuts
     D:3: 620 daAuts
  Temple: 153 daAuts
     D:6: 100 daAuts
